 Dungeon Crawl Stone Soup version 0.18.1-48-g4cf74bf (webtiles) character file.

188 glosham the Sneak (level 5, 0/36 HPs)
             Began as a High Elf Abyssal Knight on July 27, 2016.
             Was a Follower of Lugonu.
             Incinerated by a smoke demon (5 damage)
             ... with a sticky flame
             ... on level 3 of the Abyss.
             The game lasted 00:06:01 (182 turns).

glosham the Sneak (High Elf Abyssal Knight)          Turns: 182, Time: 00:06:01

Health: 0/36       AC:  3    Str:  8    XL:     5   Next: 39%
Magic:  7/7        EV: 12    Int: 17    God:    Lugonu [*.....]
Gold:   55         SH:  0    Dex: 14    Spells: 0 memorised, 4 levels left

rFire  . . .     SeeInvis .     a - +1 falchion
rCold  . . .     Gourm    .     b - +0 leather armour
rNeg   . . .     Faith    .     (no shield)
rPois  .         Spirit   .     (no helmet)
rElec  .         Dismiss  .     (no cloak)
rCorr  .         Reflect  .     (no gloves)
SustAt .         Harm     .     (no boots)
MR     .....                    (no amulet)
Stlth  ++........               (no ring)
                                e - -3 ring of strength (curse)

@: liquid flames, glowing, not resistant to hostile enchantments, unstealthy
A: no striking features
a: Depart the Abyss, Renounce Religion


You were on level 3 of the Abyss.
You worshipped Lugonu.
Lugonu was aware of your devotion.
You were not hungry.

You visited 0 branches of the dungeon, and saw 0 of its levels.
You visited the Abyss 1 time.

You collected 55 gold pieces.

Inventory:

Hand Weapons
 a - a +1 falchion (weapon)
Armour
 b - a +0 leather armour (worn)
Jewellery
 e - a cursed -3 ring of strength (left hand)
Scrolls
 g - 2 scrolls of blinking {unknown}
Books
 f - the Tome of Congealing Air
   (You found it on level 2 of the Abyss)

   Spells                             Type                      Level
   a - Freeze                         Ice                          1
   b - Summon Ice Beast               Ice/Summoning                4
   c - Lightning Bolt                 Conjuration/Air              5
Miscellaneous
 d - a box of beasts {used: 6}
Comestibles
 c - a bread ration


   Skills:
 - Level 3.0 Fighting
 - Level 2.4 Long Blades
 - Level 0.8 Armour
 - Level 2.1 Dodging
 + Level 6.3 Stealth
 - Level 2.0 Invocations


You had 4 spell levels left.
You didn't know any spells.

Dungeon Overview and Level Annotations

Branches:
Dungeon (0/15)

Altars:


Message History

w - Wait here. f - Follow me.
Anything else - Stay silent.
Gang up on whom?
Press: ? - help, Dir - move target cursor, f/p - smoke demon
Aim: a smoke demon Attack!
The smoke demon hits your juvenile oxsting beast.
The smoke demon hits your juvenile oxsting beast but does no damage.
The smoke demon barely misses your juvenile oxsting beast.
The smoke demon gestures at you.
The ball of steam hits your larval stingox beast.
Your larval stingox beast is engulfed in a cloud of scalding steam.
Your larval stingox beast dies!
Your larval stingox beast's corpse disappears in a puff of smoke!
Evoke which item? (* to show all) (? for menu, Esc to quit)
You open the lid... ...and a larval oxfire beast leaps out!
Something hits your juvenile oxsting beast but does no damage. x3
Your juvenile oxsting beast hits the smoke demon but does no damage.
Your juvenile oxsting beast closely misses the smoke demon. x2
The smoke demon gestures at you.
The sticky flame hits your juvenile oxsting beast.
Your juvenile oxsting beast is covered in liquid flames!
Your juvenile oxsting beast burns!
The smoke demon gestures at you. The sticky flame hits you!
You are covered in liquid flames!
You aren't carrying any potions.
Unknown command.
You are covered in liquid flames!
* * * LOW HITPOINT WARNING * * *
The smoke demon barely misses your larval fireox beast.
The smoke demon hits your larval fireox beast but does no damage.
The smoke demon barely misses your larval fireox beast.
Your larval fireox beast breathes flames at the smoke demon.
The blast of flame hits the smoke demon.
The smoke demon resists.
You plunge deeper into the Abyss.
The abyssal rune of Zot can be found at this depth.
You are covered in liquid flames!
You die...

###
#@#
#.#
...
#..#.
..##..
#.. .#
... #.
....
..


There were no monsters in sight!

Vanquished Creatures (collateral kills)
  A hellwing (Abyss:2)
  A wraith (Abyss:2)
2 creatures vanquished.

Notes
Turn   | Place    | Note
--------------------------------------------------------------
     0 | Abyss:1  | glosham the High Elf Abyssal Knight began the quest for the Orb.
     0 | Abyss:1  | Reached XP level 1. HP: 16/16 MP: 3/3
    52 | Abyss:1  | Noticed a large abomination
    75 | Abyss:1  | Noticed a raiju
   106 | Abyss:1  | Noticed a lich
   107 | Abyss:1  | Noticed a small abomination
   130 | Abyss:2  | Noticed a wraith
   140 | Abyss:2  | Killed a wraith
   140 | Abyss:2  | Reached skill level 4 in Stealth
   140 | Abyss:2  | Reached XP level 2. HP: 10/21 MP: 4/4
   140 | Abyss:2  | Reached XP level 3. HP: 13/26 MP: 5/5
   140 | Abyss:2  | Reached XP level 4. HP: 15/31 MP: 6/6
   159 | Abyss:2  | Identified the Tome of Congealing Air (You found it on level 2 of the Abyss)
   161 | Abyss:2  | Noticed a hellwing
   170 | Abyss:2  | Killed a hellwing
   170 | Abyss:2  | Reached skill level 6 in Stealth
   170 | Abyss:2  | Reached XP level 5. HP: 22/36 MP: 7/7
   171 | Abyss:2  | Noticed a smoke demon
   182 | Abyss:3  | Incinerated by a smoke demon

Skill      XL: |  1  2  3  4 |
---------------+-------------+-----
Stealth        | 4 6 |  6.3
Fighting       | |  3.0
Long Blades    | |  2.4
Armour         | |  0.8
Dodging        | |  2.1
Invocations    | |  2.0

Action                   |  1- 3 |  4- 6 || total
-------------------------+-------+-------++-------
Melee: Falchion          |     1 |       ||     1
Evoke: Box of beasts     |     2 |     4 ||     6
  Use: Scroll            |     3 |       ||     3
Armor: Leather armour    |     1 |       ||     1
Dodge: Dodged            |     2 |       ||     2

Table legend:
 A = Turns spent in this place as a percentage of turns spent in the entire game.
 B = Non-inter-level travel turns spent in this place as a percentage of non-inter-level travel turns spent in the entire game.
 C = Inter-level travel turns spent in this place as a percentage of turns spent in this place.
 D = Turns resting spent in this place as a percentage of non-inter-level travel turns spent in this place.
 E = Turns spent auto-exploring this place as a percentage of non-inter-level travel turns spent in this place.
 F = Non-inter-level travel turns spent in this place divided by the number of levels of this place that you've seen.
                   A       B       C       D       E      F
               +-------+-------+-------+-------+-------+----------------------
         Total | 100.0 | 100.0 |   0.0 |   0.0 |   0.0 |  64.3
         Abyss | 100.0 | 100.0 |   0.0 |   0.0 |   0.0 |  64.3
               +-------+-------+-------+-------+-------+----------------------

Table legend:
 A = Kills in this place as a percentage of kills in entire the game.
 B = Kills by you in this place as a percentage of kills by you in the entire game.
 C = Kills by friends in this place as a percentage of kills by friends in the entire game.
 D = Other kills in this place as a percentage of other kills in the entire game.
 E = Experience gained in this place as a percentage of experience gained in the entire game.
 F = Experience gained in this place divided by the number of levels of this place that you have seen.
                   A       B       C       D       E      F
               +-------+-------+-------+-------+-------+----------------------
         Total | 100.0 |  -nan | 100.0 |  -nan | 100.0 |  89.7
         Abyss | 100.0 |  -nan | 100.0 |  -nan | 100.0 |  89.7
               +-------+-------+-------+-------+-------+----------------------

Vault maps used:
Abyss:2:  evilmike_abyss_exit_mutagenic
Abyss:3:  evilmike_abyss_rune_shrine, evilmike_abyss_exit_7, due_exit_kobolds
